 Dungeon Crawl Stone Soup version 0.15.2 (webtiles) character file.

1030 Amnesiac the Insei (level 8, -3/61 HPs)
             Began as a Mummy Monk on Mar 27, 2018.
             Slain by a phantom (10 damage)
             ... on Level 7 of the Dungeon.
             The game lasted 00:13:21 (7631 turns).

Amnesiac the Insei (Mummy Monk)                     Turns: 7631, Time: 00:13:21

HP  -3/61        AC  4     Str 14      XL: 8   Next:  3%
MP   8/8         EV 14     Int  9      God:
Gold 236         SH  0     Dex 16      Spells:  0 memorised,  7 levels left

rFire  x x .     SeeInvis .       - Unarmed
rCold  + + .     Clarity  .     (no armour)
rNeg   + + +     rCorr    .     (no shield)
rPois  +         rRot     +     (no helmet)
rElec  .         Spirit   .     j - +0 cloak {+Inv}
SustAb .         Warding  .     (no gloves)
rMut   .         Stasis   .     i - +2 pair of boots
Gourm  .                        (no amulet)
MR     +....                    l - ring of ice
                                (no ring)

@: somewhat resistant to hostile enchantments, unstealthy
A: no food or potions, fire vulnerability, restore body, cold resistance 1,
negative energy resistance 3, poison resistance, torment resistance, unbreathing
a: Evoke Invisibility


You were on level 7 of the Dungeon.
You were not hungry.

You visited 1 branch of the dungeon, and saw 7 of its levels.

You collected 236 gold pieces.

Inventory:

Armour
 i - a +2 pair of boots (worn)
 j - a +0 cloak of darkness (worn)
 k - the -2 pair of gloves of the Slorg {MR+ Stlth+}
   (You found it on level 4 of the Dungeon)

   It affects your resistance to hostile enchantments.
   It makes you more stealthy.
Comestibles
 d - a meat ration (quivered)
Scrolls
 a - 3 scrolls of fog
 b - 5 scrolls of identify
 e - 3 scrolls of teleportation
 f - 6 scrolls of remove curse
 g - a scroll of magic mapping
 m - a scroll of noise
Jewellery
 l - a ring of ice (right hand)


   Skills:
 - Level 4.5 Fighting
 - Level 3.6 Dodging
 - Level 1.5 Stealth
 + Level 7.4 Unarmed Combat


You had 7 spell levels left.
You didn't know any spells.

Dungeon Overview and Level Annotations

Branches:
Dungeon (7/15)
 Temple: D:4-7

Altars:
Sif Muna


Innate Abilities, Weirdness & Mutations

You do not eat or drink.
Your flesh is vulnerable to fire.
Your flesh is cold resistant.
You are immune to negative energy.
Your system is resistant to poisons.
You are immune to unholy pain and torment.
You can survive without breathing.


Message History

The phantom blinks!
A killer bee zombie comes into view.
The phantom blinks!
You miss the phantom.
The phantom is severely damaged.
The phantom closely misses you.
You hit the phantom.
The phantom is severely damaged.
The phantom hits you.
* * * LOW HITPOINT WARNING * * *
The phantom blinks!
The phantom blinks!
You hit the phantom.
The phantom is almost destroyed.
The phantom hits you.
* * * LOW HITPOINT WARNING * * *
You hit the phantom but do no damage.
The phantom is almost destroyed.
The phantom hits you!
You die...

#### ###..# ....# #W.#
#.@#### #.....#
#.##..#########
#.............#
####...=......#
#....))....#
###########....<.....#
....(.................#
#######.###.../..#####


You could see a phantom.

Vanquished Creatures
  An ogre (D:4)
  2 sky beasts (D:5)
  An ice beast (D:5)
  A centaur (D:5)
  2 scorpions (D:5)
  2 crimson imps (D:5)
  A gnoll shaman (D:4)
  A hound (D:5)
  An orc wizard (D:4)
  2 iguanas
  Ijyb (D:2)
  A hound zombie (D:5)
  5 adders
  8 gnolls
  A worm (D:5)
  An adder zombie (D:4)
  An iguana skeleton (D:4)
  11 orcs
  13 bats
  6 giant cockroaches
  5 hobgoblins
  14 jackals
  A quokka (D:3)
  3 ball pythons
  4 giant geckos
  5 giant newts
  10 goblins
  15 kobolds
  16 rats
  A rat skeleton (D:4)
  A rat zombie (D:5)
137 creatures vanquished.

Notes
Turn   | Place    | Note
--------------------------------------------------------------
     0 | D:1      | Amnesiac, the Mummy Monk, began the quest for the Orb.
     0 | D:1      | Reached XP level 1. HP: 18/18 MP: 1/1
   655 | D:1      | Reached XP level 2. HP: 20/24 MP: 2/2
  1081 | D:1      | Reached skill level 4 in Unarmed Combat
  1081 | D:1      | Reached XP level 3. HP: 24/29 MP: 3/3
  1712 | D:2      | Noticed Ijyb
  2217 | D:2      | Reached XP level 4. HP: 10/35 MP: 4/4
  2648 | D:2      | Killed Ijyb
  3052 | D:3      | Found a deep blue altar of Sif Muna.
  3315 | D:3      | Reached skill level 5 in Unarmed Combat
  3831 | D:4      | Got a pair of steaming gloves
  3837 | D:4      | Identified the cursed -2 pair of gloves of the Slorg {MR+ Stlth+} (You found it on level 4 of the Dungeon)
  4111 | D:4      | Noticed an ogre
  4340 | D:3      | Reached XP level 5. HP: 37/41 MP: 5/5
  4513 | D:5      | Entered Level 5 of the Dungeon
  4755 | D:5      | Noticed a centaur
  4776 | D:5      | Killed a centaur
  4776 | D:5      | Reached skill level 6 in Unarmed Combat
  4906 | D:5      | Reached XP level 6. HP: 22/47 MP: 6/6
  5108 | D:5      | Noticed an ice beast
  5131 | D:5      | Killed an ice beast
  5279 | D:5      | Noticed a sky beast
  5296 | D:5      | Killed a sky beast
  5296 | D:5      | Reached skill level 7 in Unarmed Combat
  5463 | D:5      | Reached XP level 7. HP: 50/52 MP: 7/7
  5651 | D:5      | Noticed a sky beast
  5670 | D:5      | Killed a sky beast
  6399 | D:4      | Killed an ogre
  6773 | D:4      | HP: 2/55 [gnoll/flail (8)]
  7307 | D:4      | Reached XP level 8. HP: 56/61 MP: 8/8
  7631 | D:7      | Slain by a phantom

Action                   |  1- 3 |  4- 6 |  7- 9 || total
-------------------------+-------+-------+-------++-------
Melee: Unarmed           |   182 |   255 |   190 ||   627
  Use: Scroll            |     1 |    11 |     3 ||    15
 Stab: Sleeping          |       |     3 |     1 ||     4
